 Dungeon Crawl Stone Soup version 0.29-a0-82-g837932c90e (webtiles) character file.

Game seed: 12995595666548135839

25 testman the Gusty (level 2, -1/24 HPs)
             Began as a Draconian Wanderer on Feb 4, 2022.
             Was a Follower of Wu Jian.
             Slain by an adder (2 damage)
             ... on level 2 of the Dungeon.
             The game lasted 00:05:10 (1662 turns).

testman the Gusty (Draconian Wanderer)              Turns: 1662, Time: 00:05:10

Health: -1/24      AC:  4    Str: 15    XL:     2   Next: 82%
Magic:  3/3        EV: 11    Int: 12    God:    Wu Jian [*.....]
Gold:   57         SH:  0    Dex:  9    Spells: 3/3 levels left

rFire   . . .      SeeInvis .   a - +0 dagger
rCold   . . .      Faith    .   (no shield)
rNeg    . . .      Spirit   .   (armour unavailable)
rPois   +          Reflect  .   (helmet restricted)
rElec   .          Harm     .   (no cloak)
rCorr   .          Rampage  .   (no gloves)
Will    .....                   (no boots)
Stlth   +.........              i - amulet of the acrobat
HPRegen 0.08/turn               e - ring of poison resistance
MPRegen 0.08/turn               (no ring)

@: no status effects
A: AC +4, unfitting armour, cold-blooded
a: Renounce Religion


You were on level 2 of the Dungeon.
You worshipped Wu Jian.
Wu Jian was aware of your devotion.
You visited 1 branch of the dungeon, and saw 2 of its levels.

You collected 57 gold pieces.

Inventory:

Hand Weapons
 a - a +0 dagger (weapon)
Missiles
 b - 9 boomerangs (quivered)
 d - 65 stones
Jewellery
 e - a ring of poison resistance (left hand)
 i - an amulet of the acrobat (around neck)
Wands
 c - a wand of flame (18)
Scrolls
 h - a scroll of brand weapon {unknown}
Potions
 f - a potion of cancellation {unknown}
 g - a potion of curing {unknown}


   Skills:
 + Level 2.0 Fighting
 + Level 1.1 Short Blades
 - Level 1.0 Throwing
 + Level 0.8 Stealth
 - Level 1.0 Spellcasting
 - Level 4.0 Air Magic
 - Level 1.0 Invocations
 - Level 3.0 Evocations


You had 3 spell levels left.
You didn't know any spells.
Your spell library contained the following spells:

 Spells                   Type           Power      Damage    Failure   Level
 Poisonous Vapours        Pois/Air       10%        N/A       21%         2
 Static Discharge         Conj/Air       5%         N/A       21%         2
 Ensorcelled Hibernation  Hex/Ice        0%         N/A       41%         2
 Spider Form              Tmut/Pois      0%         N/A       65%         3
 Anguish                  Hex/Necr       0%         N/A       96%         4


Dungeon Overview and Level Annotations

Branches:
Dungeon (2/15)

Altars:
Wu Jian


Innate Abilities, Weirdness & Mutations

Your plain brown scales are hard. (AC +4)
You cannot fit into any form of body armour.
You are cold-blooded and may be slowed by cold attacks.


Message History

You closely miss the adder. The adder bites you.
* * * LOW HITPOINT WARNING * * *
The adder bites you but does no damage.
You miss the adder.
Your tail-slap misses the adder.
The adder barely misses you.
You barely miss the adder. The adder barely misses you.
You hit the adder.
Your tail-slap misses the adder.
The adder is lightly wounded.
The adder bites you but does no damage.
You hit the adder.
The adder is heavily wounded.
The adder bites you.
* * * LOW HITPOINT WARNING * * *
The adder completely misses you.
You hit the adder but do no damage.
The adder is heavily wounded.
The adder bites you.
* * * LOW HITPOINT WARNING * * *
You closely miss the adder.
The adder is heavily wounded.
The adder barely misses you.
You miss the adder.
The adder is heavily wounded.
The adder bites you.
* * * LOW HITPOINT WARNING * * *
A quokka comes into view.
You hit the adder but do no damage.
Your tail-slap misses the adder.
The adder is heavily wounded.
The adder closely misses you. The adder bites you but does no damage.
You barely miss the adder.
The adder is moderately wounded.
The adder barely misses you.
You miss the adder.
The adder is moderately wounded.
The adder bites you.
* * * LOW HITPOINT WARNING * * *
You barely miss the adder.
The adder is moderately wounded.
The adder bites you.
You die...

#......... #.........
#......... #########
.........
...#.....##.........
..........##.......#
...........<........
....................
.........@..........
......(..S<รท........
....................
...........#r.......
..........###.....#.
...#......# #.##.# #.
######.........#
####..###.. ...


You could see an adder and a quokka.

Vanquished Creatures
  A dart slug (D:1)
  An endoplasm (D:1)
  2 giant cockroaches (D:1)
  2 goblins (D:1)
  2 hobgoblins (D:1)
  2 kobolds (D:1)
  3 quokkas
  2 bats
  3 frilled lizards (D:1)
  4 rats
22 creatures vanquished.

Vanquished Creatures (others)
  4 toadstools (D:2)
4 creatures vanquished.

Grand Total: 26 creatures vanquished

Notes
Turn   | Place    | Note
-------+----------+-------------------------------------------
     0 | D:1      | testman the Draconian Wanderer began the quest for the Orb.
     0 | D:1      | testman set off with the following items: a +0 dagger, 9
                  | boomerangs, a wand of flame (18); and the following spells
                  | available to memorise: Poisonous Vapours, Static Discharge
     0 | D:1      | Reached XP level 1. HP: 14/14 MP: 2/2
   117 | D:1      | Reached skill level 1 in Fighting
   233 | D:1      | Found a faded altar of an unknown god.
   241 | D:1      | Prayed at the altar of an unknown god.
   241 | D:1      | Became a worshipper of the Wu Jian Council
   241 | D:1      | Reached * piety under Wu Jian
   477 | D:1      | Reached XP level 2. HP: 17/23 MP: 3/3
   975 | D:1      | Reached skill level 1 in Short Blades
  1661 | D:2      | HP: 1/24 [adder (1)]
  1662 | D:2      | Slain by an adder

Illustrated notes

Levels and vault maps discovered:
D:1:      mushboom_english_gardens, layout_basic,
          hellmonk_ecumenical_altar_zigzags, minmay_heptomino_h4
D:2:      layout_rooms, minmay_gold_behind_fungi

Skill      XL: |  1  2 |
---------------+-------+-----
Fighting       | 1 2 |  2.0
Short Blades   | 1 |  1.1
Throwing       | |  1.0
Stealth        | |  0.8
Spellcasting   | |  1.0
Air Magic      | |  4.0
Invocations    | |  1.0
Evocations     | |  3.0

Action                   || total
-------------------------++-------
Melee: Dagger            ||   158
       Tailslap          ||     8
       Punch             ||     1
Invok: Lunge             ||     7
       Whirlwind         ||     5
 Stab: Sleeping          ||     3
Armor: Skin              ||    53
Dodge: Dodged            ||    93

Table legend: (Time is in decaauts)
 A = Elapsed time spent in this place.
 B = Non-inter-level travel time spent in this place.
 C = Inter-level travel time spent in this place.
 D = Time resting spent in this place.
 E = Time spent auto-exploring this place.
 F = Levels seen in this place.
 G = Mean time per level.
                   A        B        C        D        E       F      G
               +--------+--------+--------+--------+--------+-----+--------+
         Total |   1657 |   1615 |     42 |    420 |    920 |   2 |  828.5 |
       Dungeon |   1657 |   1615 |     42 |    420 |    920 |   2 |  828.5 |
               +--------+--------+--------+--------+--------+-----+--------+

Top non-repeatable levels by time:
     D:1: 1598 daAuts
     D:2: 59 daAuts
